 Dungeon Crawl Stone Soup version 0.26-a0-21-gf97e55dc39 (webtiles) character file.

Game seed: 17685354210214208265, levelgen mode: deterministic

112 mecharm the Chopper (level 4, -5/41 HPs)
             Began as a Hill Orc Fighter on May 26, 2020.
             Slain by Crazy Yiuf
             ... wielding a +2 quarterstaff of chaos
              (7 damage)
             ... on level 3 of the Dungeon.
             The game lasted 00:42:33 (2121 turns).

mecharm the Chopper (Hill Orc Fighter)              Turns: 2121, Time: 00:42:33

Health: -5/41      AC:  9    Str: 19    XL:     4   Next: 95%
Magic:  4/4        EV:  5    Int:  8    God:
Gold:   119        SH:  9    Dex: 10    Spells: 3/3 levels left

rFire    . . .     SeeInvis .   p - -3 whip (curse)
rCold    . . .     Gourm    .   c - +0 kite shield
rNeg     . . .     Faith    .   v - +0 chain mail
rPois    .         Spirit   .   (no helmet)
rElec    .         Reflect  .   (no cloak)
rCorr    .         Harm     .   (no gloves)
MR       .....                  (no boots)
Stlth    ..........             (no amulet)
HPRegen  0.13/turn              o - ring of flight
MPRegen  0.09/turn              (no ring)

@: lethally poisoned (-5 -> -8), hasted, very quick
A: no striking features
a: Evoke Flight


You were on level 3 of the Dungeon.
You were not hungry.

You visited 1 branch of the dungeon, and saw 3 of its levels.

You collected 119 gold pieces.

Inventory:

Hand Weapons
 a - a +0 war axe
 g - a +0 hunting sling
 h - a +0 club
 n - a +0 dagger
 p - a cursed -3 whip (weapon)
 t - a +0 morningstar
 x - a +0 short sword of protection
Missiles
 e - 109 stones
 l - 3 atropa-tipped darts
 q - 3 boomerangs (quivered)
 u - 44 bolts
 w - 25 poisoned darts
Armour
 b - a +0 scale mail
 c - a +0 kite shield (worn)
 k - a +0 ring mail
 v - a +0 chain mail (worn)
Jewellery
 o - a ring of flight (left hand)
Scrolls
 i - a scroll of amnesia
Potions
 d - a potion of might
 j - a potion of degeneration
 s - a potion of invisibility {unknown}
 A - 2 potions of lignification {unknown}
Comestibles
 f - 4 rations


   Skills:
 + Level 4.5 Fighting
 * Level 4.7 Axes
 + Level 4.1 Armour
 - Level 3.5 Shields


You had 3 spell levels left.
You didn't know any spells.
Your spell library was empty.

Dungeon Overview and Level Annotations

Branches:
Dungeon (3/15)

Altars:

Annotations:
D:3 Crazy Yiuf


Message History

You feel yourself speed up.
You feel sick. Crazy Yiuf barely misses you.
You hit Crazy Yiuf.
Crazy Yiuf is heavily wounded.
You hit Crazy Yiuf but do no damage.
Crazy Yiuf is heavily wounded.
Crazy Yiuf hits you with a +2 quarterstaff of chaos!
* * * LOW HITPOINT WARNING * * *
You hit Crazy Yiuf.
Crazy Yiuf is heavily wounded.
* * * LOW HITPOINT WARNING * * *
You feel sick. You block Crazy Yiuf's attack.
You closely miss Crazy Yiuf.
Crazy Yiuf is heavily wounded.
You hit Crazy Yiuf but do no damage.
Crazy Yiuf is heavily wounded.
* * * LOW HITPOINT WARNING * * *
You feel sick.
Crazy Yiuf hits you with a +2 quarterstaff of chaos!
You die...

######### #.......#
#......## #......#
##......# ........####
### ###.###....##
###..)#
#.##......####@g...#
###.##.......#..##...#
............#.### ###
###.#...#######
#.##.## ..##.# #####.#
#....# #....#


You could see Crazy Yiuf.

Vanquished Creatures
  4 adders (D:2)
  3 oozes
  A dart slug (D:1)
  A leopard gecko (D:1)
  2 orcs (D:3)
  2 giant cockroaches
  8 goblins
  12 hobgoblins
  2 quokkas
  3 ball pythons
  4 bats
  4 frilled lizards
  3 kobolds
  11 rats
60 creatures vanquished.

Notes
Turn   | Place    | Note
-------+----------+-------------------------------------------
     0 | D:1      | mecharm the Hill Orc Fighter began the quest for the Orb.
     0 | D:1      | Reached XP level 1. HP: 19/19 MP: 1/1
    34 | D:1      | Reached XP level 2. HP: 27/27 MP: 2/2
   240 | D:1      | Reached XP level 3. HP: 33/33 MP: 3/3
   244 | D:1      | You fall into a shaft and drop 1 floor!
   590 | D:2      | Reached XP level 4. HP: 37/40 MP: 4/4
  2099 | D:3      | Found a runed translucent door.
  2099 | D:3      | Noticed Crazy Yiuf
  2121 | D:3      | HP: 2/41 [poisoned by Crazy Yiuf]
  2121 | D:3      | Slain by Crazy Yiuf

Illustrated notes

Levels and vault maps discovered:
D:1:      onia_arrival_handbag, layout_rooms
D:2:      minmay_general_purpose_star, layout_basic, first_ration,
          minmay_rat_gold_closets
D:3:      layout_basic, uniq_crazy_yiuf_cottage

Skill      XL: |  1  2  3  4 |
---------------+-------------+-----
Axes           | 3 4 |  4.7
Fighting       | 4 |  4.5
Armour         | 4 |  4.1
Shields        | |  3.5

Action                   |  1- 3 |  4- 6 || total
-------------------------+-------+-------++-------
Melee: War axe           |    89 |    57 ||   146
       Whip              |       |    57 ||    57
Throw: Boomerang         |       |    46 ||    46
  Use: Scroll            |       |     6 ||     6
  Eat: Chunk             |       |     2 ||     2
       Ration            |       |     1 ||     1
Armor: Scale mail        |    37 |     6 ||    43
       Chain mail        |       |    34 ||    34
Dodge: Dodged            |    21 |    28 ||    49
Block: Kite shield       |    44 |    55 ||    99

Table legend:
 A = Non-vault XP
 B = Vault XP
 C = Vault XP percentage of total XP
 D = Non-vault monster count
 E = Vault monster count
 F = Vault count percentage of total count
                 A         B        C        D         E       F
            +---------+---------+-------+---------+---------+-------
      Total |     111 |      50 |  31.1 |      43 |      17 |  28.3
            +---------+---------+-------+---------+---------+-------
        D:1 |      26 |       9 |  25.7 |      14 |       3 |  17.6
        D:2 |      65 |      41 |  38.7 |      19 |      14 |  42.4
        D:3 |      20 |       0 |   0.0 |      10 |       0 |   0.0
            +---------+---------+-------+---------+---------+-------
